Map: Whirlwind LE (Void)

Players

Strate

  • Race: Zerg Zerg
  • League: Gold
  • Spawn Location: 7:00

Fropez - Winner!

  • Race: Protoss Protoss
  • League: Gold
  • Spawn Location: 5:00

VOD

Have the link to the VOD?

Description

Time

  • Played on: Dec. 26, 2016, 7:43 p.m.
  • Length: 11:01
Show
View Real Time Build Order
Export as new Build Order

Strate Zerg 

Build Orders: Hatch First 

Get SALT Encoding   

  12  0:01  Drone  
  13  0:11  Drone  
  14  0:19  Overlord  
  14  0:39  Drone x2  
  14  0:40  Drone  
  17  0:59  Extractor, Hatchery  
  15  1:10  Drone x2  
  17  1:16  Spawning Pool  
  16  1:29  Drone x2  
  18  1:39  Drone  
  19  1:45  Drone  
  20  2:06  Drone x2  
  22  2:10  Queen x2  
  22  2:13  Overlord  
  26  2:22  Overlord  
  26  2:25  Zergling x2  
  27  2:30  Metabolic Boost  
  27  2:42  Zergling x4  
  27  2:43  Zergling x2  
  30  2:53  Drone x2  
  32  3:02  Drone x2  
  34  3:18  Queen  
  38  3:29  Lair  
  38  3:34  Overlord x2  
  36  3:39  Extractor  
  35  3:44  Drone x3  
  35  3:45  Drone x2  
  40  3:55  Drone x4  
  44  3:59  Spore Crawler  
  44  4:02  Hatchery  
  42  4:03  Spore Crawler  
  41  4:14  Roach Warren  
  41  4:16  Drone x2  
  38  4:33  Spine Crawler  
  37  4:41  Spire  
  37  4:43  Queen  
  38  5:00  Roach  
  38  5:01  Roach x10  
  53  5:41  Drone x7  
  60  5:49  Queen  
  60  5:50  Overlord x2  
  60  6:01  Overlord  
  60  6:02  Overlord  
  60  6:12  Drone x4  
  64  6:23  Drone  
  64  6:24  Drone  
  66  6:27  Extractor x2  
  64  6:34  Drone x2  
  64  6:35  Drone x3  
  67  6:59  Glial Reconstitution  
  61  7:11  Mutalisk  
  61  7:12  Mutalisk x5  
  71  7:24  Mutalisk x2  
  75  7:33  Mutalisk  
  77  7:37  Drone  
  77  7:38  Drone x5  
  77  8:16  Mutalisk x4  
  85  8:40  Hatchery  
  83  8:41  Mutalisk x3  
  69  9:27  Overseer  
  69  9:32  Overseer  
  69  9:50  Mutalisk  
  69  9:51  Mutalisk x5  
  75  10:12  Roach  
  75  10:13  Spine Crawler x3, Roach x8  
  75  10:14  Spine Crawler, Spore Crawler  
  79  10:20  Overseer  
Show
View Real Time Build Order
Export as new Build Order

Fropez Protoss - Winner!

Build Orders: 1 Gate Expand 

Get SALT Encoding   

  12  0:01  Probe (Chrono Boost)  
  13  0:12  Probe (Chrono Boost)  
  14  0:21  Pylon  
  14  0:31  Probe (Chrono Boost)  
  15  0:44  Gateway  
  15  0:45  Probe (Chrono Boost)  
  16  0:56  Probe (Chrono Boost), Assimilator  
  17  1:09  Probe (Chrono Boost)  
  18  1:22  Probe (Chrono Boost)  
  19  1:42  Nexus, Probe (Chrono Boost)  
  20  1:49  Pylon, Cybernetics Core  
  20  2:03  Probe (Chrono Boost)  
  20  2:14  Probe (Chrono Boost)  
  20  2:15  Gateway  
  21  2:23  Pylon, Warp Gate  
  21  2:25  Probe (Chrono Boost)  
  22  2:30  Assimilator  
  22  2:34  Adept  
  25  2:42  Mothership Core (Chrono Boost)  
  26  2:55  Probe (Chrono Boost), Assimilator  
  26  2:56  Gateway  
  27  3:01  Adept  
  27  3:03  Adept  
  31  3:06  Probe (Chrono Boost)  
  31  3:11  Probe (Chrono Boost)  
  33  3:21  Probe (Chrono Boost)  
  33  3:23  Probe (Chrono Boost)  
  35  3:31  Twilight Council  
  35  3:34  Probe (Chrono Boost)  
  36  3:35  Pylon  
  36  3:41  Probe (Chrono Boost)  
  37  3:42  Adept  
  37  3:46  Adept  
  41  3:52  Probe (Chrono Boost)  
  41  3:54  Probe (Chrono Boost)  
  43  3:56  Resonating Glaives  
  43  4:05  Probe (Chrono Boost)  
  44  4:25  Adept  
  44  4:26  Adept x2  
  50  4:36  Probe x2 (Chrono Boost)  
  52  4:40  Gateway  
  52  4:48  Probe (Chrono Boost)  
  52  4:49  Probe (Chrono Boost)  
  56  5:00  Probe (Chrono Boost)  
  56  5:01  Probe (Chrono Boost)  
  56  5:23  Robotics Facility  
  56  5:24  Probe x2 (Chrono Boost)  
  56  5:27  Dark Shrine  
  58  5:30  Pylon  
  58  5:32  Pylon  
  48  5:54  Stalker x3  
  50  5:58  Probe x2 (Chrono Boost)  
  50  6:01  Assimilator  
  50  6:07  Stalker  
  50  6:10  Probe x2 (Chrono Boost)  
  54  6:15  Pylon  
  54  6:22  Nexus  
  54  6:24  Pylon  
  54  6:25  Blink  
  56  6:30  Warp Prism  
  56  6:35  Stalker  
  56  6:36  Stalker x3  
  64  6:55  Pylon  
  64  7:12  Dark Templar x3  
  70  7:20  Probe x2 (Chrono Boost)  
  72  7:28  Gateway  
  72  7:29  Gateway  
  72  7:31  Gateway x2  
  72  7:39  Pylon  
  72  7:42  Pylon, Probe (Chrono Boost)  
  72  7:43  Probe x2 (Chrono Boost)  
  75  7:45  Observer, Gateway  
  76  7:51  Gateway  
  76  7:55  Probe (Chrono Boost), Stalker  
  76  7:56  Stalker x3  
  83  8:30  Stalker x3  
  83  8:31  Stalker x3  
  88  8:48  Probe (Chrono Boost)  
  91  8:49  Probe x2 (Chrono Boost)  
  91  8:50  Forge  
  91  8:52  Forge  
  91  8:54  Assimilator  
  91  8:55  Pylon  
  91  8:59  Pylon  
  91  9:02  Assimilator  
  83  9:20  Stalker x5  
  83  9:21  Stalker x3  
  91  9:37  Dark Templar x2  
  95  9:51  Probe (Chrono Boost)  
  95  9:52  Probe x2 (Chrono Boost)  
  97  10:01  Stalker x5  
  97  10:02  Stalker x3  
  113  10:18  Dark Templar x2  
  111  10:46  Dark Templar  
  111  10:47  Dark Templar  
Tags
 
Add a new tag
Caveats
  • Supply blocks, unpowered buildings, or Contaminate may cause inaccurate times.
  • Supply counts are checked every 10 seconds.